 Dungeon Crawl Stone Soup version 0.29.1-15-g9cfb28693d (webtiles) character file.

Game seed: 5872878953579805315

899 boopmooplesden the Cleaver (level 7, -5/63 HPs)
             Began as a Minotaur Berserker on Mar 19, 2023.
             Was an Elder of Trog.
             Slain by a scorpion (10 damage)
             ... on level 5 of the Dungeon.
             The game lasted 00:06:48 (5174 turns).

boopmooplesden the Cleaver (Minotaur Berserker)     Turns: 5174, Time: 00:06:49

Health: -5/63      AC: 12    Str: 23    XL:     7   Next: 79%
Magic:  6/6        EV: 16    Int:  4    God:    Trog [****..]
Gold:   187        SH:  0    Dex: 10    Spells: 6/6 levels left

rFire   . . .      SeeInvis .   a - +1 hand axe
rCold   + . .      Faith    .   w - orb {mayhem}
rNeg    . . .      Spirit   .   j - +3 ring mail
rPois   .          Reflect  .   (helmet restricted)
rElec   .          Harm     .   (no cloak)
rCorr   .          Rampage  +   (no gloves)
Will    .....                   y - +2 pair of boots {rampage}
Stlth   +.........              (no amulet)
HPRegen 0.20/turn               h - +4 ring of evasion
MPRegen 0.10/turn               c - ring of protection from cold

@: on berserk cooldown, slowed, very slow
A: horns 2, retaliatory headbutt
a: Renounce Religion, Berserk, Trog's Hand, Brothers in Arms


You were on level 5 of the Dungeon.
You worshipped Trog.
Trog was greatly pleased with you.
You visited 1 branch of the dungeon, and saw 5 of its levels.

You collected 187 gold pieces.

Inventory:

Hand Weapons
 a - a +1 hand axe (weapon)
Missiles
 e - a throwing net
 g - 11 boomerangs (quivered)
Armour
 b - a +1 animal skin
 j - a +3 ring mail (worn)
 w - an orb of mayhem (worn)
 y - a +2 pair of boots of rampaging (worn)
 C - a +2 ring mail of cold resistance
Jewellery
 c - a ring of protection from cold (right hand)
 h - a +4 ring of evasion (left hand)
 l - a ring of willpower
 o - a ring of resist corrosion
 s - a ring of protection from cold
 u - an amulet of guardian spirit
Wands
 x - a wand of roots (6)
Scrolls
 d - a scroll of poison
 f - 2 scrolls of fog
 m - 7 scrolls of identify
 p - 3 scrolls of blinking
 q - a scroll of noise
 t - 3 scrolls of teleportation
 A - a scroll of immolation {unknown}
 D - a scroll of enchant armour
Potions
 i - a potion of berserk rage {unknown}
 k - 2 potions of degeneration {unknown}
 n - 5 potions of curing
 r - a potion of heal wounds {unknown}
 v - a potion of haste {unknown}
 z - a potion of mutation {unknown}
 B - a potion of flight {unknown}


   Skills:
 + Level 6.3 Fighting
 + Level 8.0 Axes
 + Level 0.6 Throwing
 + Level 4.6 Armour
 + Level 3.9 Dodging
 + Level 1.2 Stealth


You had 6 spell levels left.
You didn't know any spells.
Your spell library was empty.

Dungeon Overview and Level Annotations

Branches:
Dungeon (5/15)             Temple (0/1) D:4

Altars:
Xom

Shops:
D:1 *   D:3 *(?[


Innate Abilities, Weirdness & Mutations

You have a pair of horns on your head.
You reflexively headbutt those who attack you in melee.


Message History

The orc is severely wounded.
You hit the orc but do no damage.
You feel sick. The scorpion stings you.
* * * LOW HITPOINT WARNING * * *
You are more poisoned.
The scorpion poisons you! The scorpion misses you. The orc barely misses you.
The orc hits you but does no damage.
You closely miss the scorpion. You barely miss the orc. You slash the orc!
You kill the orc!
Trog accepts your kill.
The orc flies into a frenzy!
You feel very sick.
The scorpion stings you but does no damage.
The orc misses you. The scorpion misses you. The orc misses you.
The scorpion stings you but does no damage.
You hit the scorpion.
The scorpion is moderately wounded.
You feel sick. The orc closely misses you. The scorpion completely misses you.
The orc barely misses you. The scorpion barely misses you.
You closely miss the scorpion. Your headbutt misses the scorpion.
The scorpion is moderately wounded.
You feel sick. The scorpion barely misses you. The orc misses you.
The scorpion closely misses you. The orc barely misses you.
The scorpion closely misses you.
You hit the scorpion.
The scorpion is heavily wounded.
You feel sick. The orc hits you but does no damage.
The scorpion closely misses you. The orc closely misses you.
The scorpion barely misses you.
You hit the scorpion but do no damage.
The scorpion is heavily wounded.
You feel sick. The scorpion closely misses you. The orc misses you.
The scorpion misses you. The orc barely misses you.
The scorpion closely misses you. The orc completely misses you.
You barely miss the scorpion.
The scorpion is heavily wounded.
You feel sick.
You are no longer poisoned.
The scorpion closely misses you. The orc barely misses you.
The scorpion stings you!
You die...

## ######## .## #......#
..#
#......#########.#####..
#..<.............#......
.................s)))...
######..........@#......
###########o)......
#.......# #.......#
#.......# #.......#
#........ ......... ##


You could see a neutral scorpion (fast, strong, insane) and a neutral orc (fast,
strong, insane).

Vanquished Creatures
  Edmund (D:4)
  A kobold brigand (D:4)
  A necrophage (D:5)
  A scorpion (D:4)
  A gnoll sergeant (D:5)
  3 jellies
  A gnoll bouda (D:4)
  Terence (D:3)
  13 gnolls
  9 adders
  5 worms
  5 dart slugs
  7 orcs
  9 bats
  14 endoplasms
  6 giant cockroaches
  7 goblins
  7 hobgoblins
  6 jackals
  13 kobolds
  A quokka (D:4)
  5 ball pythons
  6 frilled lizards
  7 rats
130 creatures vanquished.

Vanquished Creatures (collateral kills)
  An orc wizard (D:5)
  A gnoll (D:4)
  An orc (D:5)
  An endoplasm (D:3)
  A hobgoblin (D:4)
  A kobold (D:3)
6 creatures vanquished.

Vanquished Creatures (others)
  A hound (D:4)
  An iguana (D:4)
  A gnoll (D:4)
  A worm (D:4)
  4 orcs
  3 endoplasms
  2 kobolds (D:4)
  2 fungi (D:3)
  9 toadstools (D:3)
24 creatures vanquished.

Grand Total: 160 creatures vanquished

Notes
Turn   | Place    | Note
-------+----------+-------------------------------------------
     0 | D:1      | boopmooplesden the Minotaur Berserker began the quest for
                  | the Orb.
     0 | D:1      | Reached XP level 1. HP: 19/19 MP: 0/0
   145 | D:1      | Found Hosm's General Store.
   317 | D:1      | Reached skill level 4 in Axes
   317 | D:1      | Reached XP level 2. HP: 2/27 MP: 1/1
  1135 | D:1      | Reached XP level 3. HP: 27/33 MP: 2/2
  1771 | D:2      | Reached ** piety under Trog
  1833 | D:2      | Reached skill level 5 in Axes
  1910 | D:2      | Reached XP level 4. HP: 39/41 MP: 3/3
  2928 | D:3      | Found Aruxt's Magic Scroll Shop.
  3076 | D:3      | Reached XP level 5. HP: 37/47 MP: 4/4
  3223 | D:3      | Reached *** piety under Trog
  3255 | D:3      | Found Kyrak's Assorted Antiques.
  3318 | D:3      | Found Dadomube's Antique Weapon Emporium.
  3373 | D:3      | Noticed Terence
  3380 | D:3      | Killed Terence
  3383 | D:3      | Found Soguekez's Antique Armour Boutique.
  3665 | D:3      | Reached skill level 6 in Axes
  3762 | D:3      | Reached skill level 5 in Fighting
  3767 | D:3      | Reached XP level 6. HP: 43/56 MP: 5/5
  4027 | D:4      | Noticed Edmund
  4036 | D:4      | Killed Edmund
  4151 | D:4      | Found a shimmering altar of Xom.
  4165 | D:4      | Reached skill level 7 in Axes
  4171 | D:4      | Reached skill level 1 in Stealth
  4171 | D:4      | Reached XP level 7. HP: 39/61 MP: 6/6
  4515 | D:4      | Found a staircase to the Ecumenical Temple.
  5035 | D:5      | Entered Level 5 of the Dungeon
  5162 | D:5      | Reached skill level 8 in Axes
  5165 | D:5      | Reached **** piety under Trog
  5174 | D:5      | Slain by a scorpion

Illustrated notes

Levels and vault maps discovered:
D:1:      dpeg_arrival_boxes_within_box, layout_basic, serial_shops, shop
D:2:      layout_basic, minmay_puff
D:3:      cheibrodos_fertilizer, layout_basic, serial_shops,
          nicolae_shop_competitors_out_of_business, nicolae_shop_statue_plus,
          nicolae_shop_temple_entry_statues_fountains, shop_statue,
          minmay_fractal_squares_diagonal_5, uniq_terence
D:4:      layout_loops_cross, xom_confusion_cloud,
          minmay_temple_entry_antechambers, uniq_edmund
D:5:      layout_basic, mainiacjoe_overflow_alcove_1, hangedman_decor_opposing,
          hangedman_abyss_or_decor_lesser_grid

Skill      XL: |  1  2  3  4  5  6  7 |
---------------+----------------------+-----
Fighting       | 4 5 6 |  6.3
Axes           | 4 5 6 7 8 |  8.0
Armour         | 3 4 |  4.6
Dodging        | 3 |  3.9
Stealth        | 1 |  1.2
Throwing       | |  0.6

Action                   |  1- 3 |  4- 6 |  7- 9 || total
-------------------------+-------+-------+-------++-------
Melee: Hand axe          |    62 |   139 |    56 ||   257
       Headbutt          |     8 |    25 |     6 ||    39
       Punch             |     1 |     1 |       ||     2
Throw: Boomerang         |     2 |     4 |       ||     6
Invok: Berserk           |     1 |     3 |     2 ||     6
  Use: Scroll            |     4 |     5 |     1 ||    10
 Stab: Distracted        |       |     1 |       ||     1
Armor: Animal skin       |    23 |       |       ||    23
       Ring mail         |     3 |    40 |    24 ||    67
Dodge: Dodged            |    47 |    96 |    62 ||   205
